 Dungeon Sprint DCSS version 0.23.0-3-gf3c87f2 (webtiles) character file.

Game seed: 8584677269414142906

138438 nuthulu the Wrestler (level 15, -13/183 HPs)
             Began as a Troll Monk on Feb 21, 2019.
             Was the Champion of Yredelemnul.
             Splashed with acid (47 damage)
             ... in the Dungeon (Sprint III: "The Ten Rune Challenge").
             The game lasted 00:39:58 (5718 turns).

nuthulu the Wrestler (Troll Monk)                   Turns: 5718, Time: 00:39:58

Health: -13/183    AC: 27    Str: 33    XL:     15   Next: 60%
Magic:  21/21      EV: 12    Int:  6    God:    Yredelemnul [******]
Gold:   3207       SH: 29    Dex: 16    Spells: 14/14 levels left

rFire    + . .     SeeInvis +     - Unarmed
rCold    + . .     Gourm    +   m - +6 large shield of the Countless Deaths {rElec MR+}
rNeg     + . .     Faith    .   C - +0 gold dragon scales
rPois    +         Spirit   .   c - +1 hat
rElec    +         Reflect  +   g - +1 cloak {MR+}
rCorr    .         Harm     .   (gloves unavailable)
MR       +++..     NoTele   +   (boots unavailable)
Stlth    ..........             y - +3 amulet of reflection
HPRegen  0.80/turn              s - ring of flight
MPRegen  0.17/turn              r - ring of Etimim {rN+ Str+5 Dex+4}

@: wreathed by umbra, studying 3 skills
A: large, unfitting armour, claws 3, hooves 1, icy blue scales 1, see invisible,
fast metabolism 3, gourmand, regeneration 1, shaggy fur 1, tough skin 3
}: 3/10 runes: decaying, barnacled, silver
a: Recall Undead Slaves, Injury Mirror, Animate Dead, Drain Life, Enslave Soul,
Renounce Religion, Evoke Flight


You were in the Dungeon.
You worshipped Yredelemnul.
Yredelemnul was exalted by your worship.
You were not hungry.

You visited 1 branch You collected 4174 gold pieces.
You spent 967 gold pieces at shops.

Inventory:

Missiles
 d - a throwing net (quivered)
 o - 2 large rocks of returning
Armour
 a - a +0 robe
 c - a +1 hat (worn)
 g - a +1 cloak of magic resistance (worn)
 m - the +6 large shield of the Countless Deaths (worn) {rElec MR+}
   (You acquired it in the Dungeon)

   It insulates you from electricity.
   It affects your resistance to hostile enchantments.
 C - +0 gold dragon scales (worn)
 D - a +1 large shield of reflection
 I - a +1 shield of protection
Jewellery
 r - the ring of Etimim (right claw) {rN+ Str+5 Dex+4}
   (You bought it in a shop in the Dungeon)

   [ring of dexterity]

   It affects your strength (+5).
   It affects your dexterity (+4).
   It protects you from negative energy.
 s - a ring of flight (left claw)
 y - a +3 amulet of reflection (around neck)
 z - an uncursed amulet of guardian spirit {unknown}
 A - the amulet "Qamironk" {Harm *Drain rC+ MR+ Slay+3}
   (You took it off a vault guard in the Dungeon)

   [amulet of harm]

   It increases damage dealt and taken.
   It affects your accuracy and damage with ranged weapons and melee attacks
   (+3).
   It protects you from cold.
   It affects your resistance to hostile enchantments.
   It causes draining when unequipped.
 B - the ring of Ru's Esteem {rPois MP+9 Str-3 Int+3}
   (You found it in the Dungeon)

   [ring of magical power]

   It affects your strength (-3).
   It affects your intelligence (+3).
   It protects you from poison.
   It affects your magic capacity (+9).
 E - an uncursed ring of protection from fire
Wands
 h - a wand of enslavement (11)
 j - a wand of flame (8)
 v - a wand of paralysis (10)
 H - a wand of iceblast (3)
Scrolls
 k - 4 scrolls of torment
 l - a scroll of fear
 n - 2 scrolls of holy word
Potions
 e - a potion of berserk rage
 f - 3 potions of magic
 p - a potion of agility
 q - 7 potions of curing
 F - 3 potions of flight
Books
 u - a manual of Long Blades
 w - a manual of Air Magic
 x - a manual of Axes
Miscellaneous
 i - a phantom mirror
Comestibles
 b - 7 rations


   Skills:
 + Level 20.1 Fighting
 + Level 10.4 Throwing
 + Level 10.6 Armour
 - Level 18.5 Dodging
 - Level 1.0 Stealth
 + Level 9.6 Shields
 + Level 23.1 Unarmed Combat
 - Level 9.7 Invocations


You had 14 spell levels left.
You didn't know any spells.
Your spell library contained the following spells:

 Spells                   Type           Power        Failure   Level  Hunger
 Animate Skeleton         Necr           N/A          100%        1    ##.....
 Apportation              Tloc           #.....       100%        1    ##.....
 Beastly Appendage        Tmut           #.....       100%        1    ##.....
 Confusing Touch          Hex            #.....       100%        1    ##.....
 Flame Tongue             Conj/Fire      #....        100%        1    ##.....
 Magic Dart               Conj           #...         100%        1    ##.....
 Summon Small Mammal      Summ           #...         100%        1    ##.....
 Blink                    Tloc           N/A          100%        2    ###....
 Call Imp                 Summ           #.......     100%        2    ###....
 Passwall                 Tmut/Erth      #.......     100%        2    ###....
 Slow                     Hex            #.......     100%        2    ###....
 Conjure Flame            Conj/Fire      #.......     100%        3    ####...
 Ignite Poison            Fire/Tmut/Pois #.......     100%        3    ####...
 Mephitic Cloud           Conj/Pois/Air  #.......     100%        3    ####...
 Spider Form              Tmut/Pois      #.........   100%        3    ####...
 Iskenderun's Mystic Bla  Conj           #.......     100%        4    #####..
 Bolt of Magma            Conj/Fire/Erth #.........   100%        5    ######.
 Yara's Violent Unravell  Hex/Tmut       #.........   100%        5    ######.
 Statue Form              Tmut/Erth      #........    100%        6    #######


Dungeon Overview and Level Annotations

Branches:
Dungeon (1/1)

Altars:
Cheibriados
Dithmenos
Elyvilon
Fedhas
Gozag
Hepliaklqana
Kikubaaqudgha
Makhleb
Nemelex Xobeh
Okawaru
Qazlal
Ru
Sif Muna
Trog
Uskayaw
Vehumet
Wu Jian
Xom
Yredelemnul
Zin
The Shining One
Beogh
Jiyva
Lugonu

Shops:
D ?:[!:[?}[%}}?=}!*(%(:}=[


Innate Abilities, Weirdness & Mutations

You are too large for most types of armour.
You have claws for hands.
Your metabolism is lightning-fast.
You like to eat raw meat.
Your natural rate of healing is unusually fast.
You are covered in fur. (AC +1)
You have extremely tough skin. (AC +3)
You have large cloven feet.
You are partially covered in icy blue scales. (AC +2)
You have supernaturally acute eyesight. (SInv)


Message History

You swap places.
The walls burn your spriggan defender skeleton!
Your spriggan defender skeleton is destroyed!
The wall burns your skeletal warrior!
The walls burn your spriggan defender skeleton!
The walls burn your spriggan defender skeleton!
The wall burns your spriggan defender skeleton!
You swap places.
The wall burns your spriggan defender skeleton!
The walls burn Sojobo!
The wall burns your spriggan defender skeleton!
You are splashed with acid!
* * * LOW HITPOINT WARNING * * *
The walls burn your spriggan defender skeleton!
Your spriggan defender skeleton is destroyed!
The wall burns your spriggan defender skeleton!
The walls burn Sojobo!
You swap places.
You are splashed with acid!!!
You die...
Your body rises from the dead as a mindless zombie.

▓.nzn.WW[.......♣♣
▓#W#############)♣
▓zzV#≈P...W.zVz).♣
▓WVW+≈≈...########♣♣
▓..z#≈≈≈...zVz...PP♣
▓..W#≈≈≈≈.........P♣
#'#############W####
##)###### ▓.Wz..
##@#...### ▓≈W...
##.ZZz...## ▓≈≈≈..
##)).A..V..## ▓≈≈≈≈≈
#))..###zn..# ▓≈≈≈≈≈
#)).##(##z..# ▓≈≈≈z≈
##)z#=φ)#..## ▓≈≈≈≈≈
#...##=##z..# ▓≈≈≈≈≈
#)...###.W..# ▓≈≈≈≈≈
##..)..V...## ▓≈≈≈≈≈


You could see a friendly profane servitor, a friendly ghoul, 5 friendly skeletal
warriors, a friendly phantasmal warrior, a friendly vampire, the friendly Sojobo
the tengu zombie and a friendly spriggan defender skeleton.

Vanquished Creatures
  the Royal Jelly (D)
  Mennas (D)
  Boris (D)
  Nikola (D)
  A lich (D)
  A kraken (D)
  An acid blob (D)
  A storm dragon (D)
  6 azure jellies (D)
  A fire giant (D)
  Roxanne (D)
  A vampire knight (D)
  A fire dragon (D)
  A yaktaur captain (D)
  Erolcha (D)
  3 vault guards (D)
  A centaur warrior (D)
  An ogre mage (D)
  A death yak (D)
  A titan zombie (D)
  Urug (D)
  An anaconda zombie (D)
  A golden dragon zombie (D)
  2 obsidian statues (D)
  Joseph (D)
  A lindwurm (D)
  An ugly thing (D)
  5 deep elf magi (D)
  2 crystal guardians (D)
  A wolf spider (shapeshifter) (D)
  A shining eye (D)
  2 oklob plants (D)
  An elephant (D)
  2 black mambas (D)
  2 statues (D)
  A water nymph (shapeshifter) (D)
  A molten gargoyle (D)
  2 yaktaurs (D)
  A rime drake (D)
  A spriggan defender (D)
  3 hornets (D)
  3 slime creatures (D)
  3 orc high priests (D)
  5 blink frogs (D)
  A wandering mushroom (D)
  A snapping turtle (D)
  A shadow (D)
  5 redbacks (D)
  3 iron troll simulacra (D)
  A hydra simulacrum (D)
  2 floating eyes (D)
  2 orc warriors (D)
  A swamp drake (D)
  A necrophage (D)
  5 two-headed ogres (D)
  A water elemental (D)
  11 killer bees (D)
  2 electric eels (D)
  Crazy Yiuf (D)
  A jelly (D)
  A wizard (D)
  A necromancer (D)
  3 humans (D)
  A kobold demonologist (D)
  An ooze (D)
  3 rats (D)
  2 ballistomycetes (D)
  2 plants (D)
  A tentacle (D)
125 creatures vanquished.

Vanquished Creatures (collateral kills)
  Sojobo (D)
  2 golden dragons (D)
  Rupert (D)
  A deep elf blademaster (D)
  7 acid blobs (D)
  A titan (D)
  Gastronok (D)
  Harold (D)
  Chuck (D)
  3 shadow dragons (D)
  A fire giant (D)
  A frost giant (D)
  5 azure jellies (D)
  A stone giant (D)
  2 vampire knights (D)
  2 deep elf demonologists (D)
  2 deep elf annihilators (D)
  Azrael (D)
  2 dire elephants (D)
  5 death oozes (D)
  A deep elf death mage (D)
  A mummy priest (D)
  2 yaktaur captains (D)
  A deep elf high priest (D)
  3 ice dragons (D)
  3 hydras (D)
  12 vault guards (D)
  A centaur warrior (D)
  2 hell beasts (D)
  2 alligator snapping turtles (D)
  An anaconda (shapeshifter) (D)
  A death yak (shapeshifter) (D)
  3 death yaks (D)
  4 dancing weapons (D)
  An orc high priest (D)
  2 sun demons (D)
  4 skeletal warriors (D)
  2 soul eaters (D)
  A shadow wraith (D)
  A golden dragon zombie (D)
  A death drake (D)
  2 orc knights (D)
  4 statues (D)
  2 crystal guardians (D)
  2 orc sorcerers (D)
  A shining eye (D)
  A deep elf mage (D)
  7 ugly things (D)
  An elephant (D)
  2 spiny frogs (D)
  A komodo dragon (D)
  2 ice devils (D)
  A queen bee (D)
  2 tyrant leeches (D)
  3 spriggan defenders (D)
  3 blink frogs (D)
  3 snapping turtles (D)
  A hog (shapeshifter) (D)
  2 wandering mushrooms (D)
  A spatial vortex (D)
  An iron troll simulacrum (D)
  2 floating eyes (D)
  5 orc warriors (D)
  21 killer bees (D)
  2 electric eels (D)
  2 orc priests (D)
  An orc wizard (D)
  2 swamp drake simulacra (D)
  4 orcs (D)
  8 bushes (D)
  9 butterflies (D)
  2 crawling corpses (D)
  A fungus (D)
  18 plants (D)
  A tentacle (D)
210 creatures vanquished.

Vanquished Creatures (others)
  3 profane servitors (D)
  2 bone dragons (D)
  2 acid blobs (D)
  2 draconian scorchers (D)
  11 ghouls (D)
  A spectral rakshasa (D)
  9 vampire knights (D)
  A vault guard (D)
  14 skeletal warriors (D)
  11 phantasmal warriors (D)
  14 flayed ghosts (D)
  An ugly thing zombie (D)
  2 statues (D)
  6 hellions (D)
  3 yaktaurs (D)
  A hydra zombie (D)
  A death drake zombie (D)
  9 flying skulls (D)
  5 vampires (D)
  4 wraiths (D)
  A spiny frog zombie (D)
  An elf zombie (D)
  2 wights (D)
  2 spriggan skeletons (D)
  3 human skeletons (D)
  2 two-headed ogre zombies (D)
  3 ball lightnings (D)
  A ballistomycete (D)
  5 ballistomycete spores (D)
  2 fungi (D)
  7 plants (D)
  5 tentacles (D)
136 creatures vanquished.

Grand Total: 471 creatures vanquished

Notes
Turn   | Place    | Note
-------+----------+-------------------------------------------
     0 | D        | nuthulu the Troll Monk began the quest for the Orb.
     0 | D        | Reached XP level 1. HP: 22/22 MP: 0/0
    53 | D        | Killed a yaktaur
    67 | D        | Reached skill level 4 in Unarmed Combat
    67 | D        | Reached XP level 2. HP: 13/32 MP: 1/1
    67 | D        | Killed a hellion
   105 | D        | Killed a hellion
   108 | D        | Killed a hellion
   118 | D        | Killed a hellion
   136 | D        | Noticed Crazy Yiuf
   145 | D        | Killed Crazy Yiuf
   145 | D        | Reached skill level 5 in Unarmed Combat
   145 | D        | Reached XP level 3. HP: 6/39 MP: 2/2
   162 | D        | Killed a white draconian scorcher
   195 | D        | Killed a hellion
   199 | D        | Killed a white draconian scorcher
   208 | D        | Noticed a water elemental
   211 | D        | Killed a water elemental
   211 | D        | Reached skill level 5 in Fighting
   211 | D        | Reached skill level 5 in Dodging
   211 | D        | Reached skill level 6 in Unarmed Combat
   211 | D        | Reached XP level 4. HP: 34/50 MP: 3/3
   262 | D        | Gained mutation: You are dopey. (Int -2) [potion of
                  | mutation]
   262 | D        | Gained mutation: Your flesh is heat resistant. (rF+)
                  | [potion of mutation]
   263 | D        | Lost mutation: Your flesh is heat resistant. (rF+) [potion
                  | of mutation]
   263 | D        | Lost mutation: You are dopey. (Int -2) [potion of mutation]
   263 | D        | Gained mutation: You are clumsy. (Dex -2) [potion of
                  | mutation]
   263 | D        | Gained mutation: You have a pair of small horns on your
                  | head. [potion of mutation]
   263 | D        | Lost mutation: You are clumsy. (Dex -2) [potion of
                  | mutation]
   263 | D        | Gained mutation: Your spells are a little harder to cast,
                  | but a little more powerful. [potion of mutation]
   264 | D        | Lost mutation: Your spells are a little harder to cast, but
                  | a little more powerful. [potion of mutation]
   264 | D        | Lost mutation: You have a pair of small horns on your head.
                  | [potion of mutation]
   264 | D        | Gained mutation: You tend to lose your temper in combat.
                  | [potion of mutation]
   264 | D        | Gained mutation: You often lose your temper in combat.
                  | [potion of mutation]
   264 | D        | Gained mutation: Your system is resistant to poisons.
                  | (rPois) [potion of mutation]
   265 | D        | Lost mutation: You often lose your temper in combat.
                  | [potion of mutation]
   265 | D        | Gained mutation: You have an increased reservoir of magic.
                  | (+10% MP) [potion of mutation]
   265 | D        | Gained mutation: Your spells are a little harder to cast,
                  | but a little more powerful. [potion of mutation]
   266 | D        | Lost mutation: You tend to lose your temper in combat.
                  | [potion of mutation]
   266 | D        | Lost mutation: Your system is resistant to poisons. (rPois)
                  | [potion of mutation]
   266 | D        | Gained mutation: Armour fits poorly on your strangely
                  | shaped body. [potion of mutation]
   266 | D        | Gained mutation: You have supernaturally acute eyesight.
                  | (SInv) [potion of mutation]
   274 | D        | Found a basalt altar of Yredelemnul.
   274 | D        | Found a shadowy altar of Dithmenos.
   274 | D        | Found a sacrificial altar of Ru.
   274 | D        | Noticed a necrophage
   280 | D        | Killed a necrophage
   280 | D        | Reached skill level 7 in Unarmed Combat
   280 | D        | Reached XP level 5. HP: 59/59 MP: 4/4
   283 | D        | Became a worshipper of Yredelemnul the Dark
   283 | D        | Reached * piety under Yredelemnul
   283 | D        | Reached ** piety under Yredelemnul
   297 | D        | Found a radiant altar of Vehumet.
   298 | D        | Found a deep blue altar of Sif Muna.
   298 | D        | Found an ancient bone altar of Kikubaaqudgha.
   302 | D        | Noticed a rust devil
   308 | D        | Paralysed by a wizard for 4 turns
   313 | D        | Reached XP level 6. HP: 51/68 MP: 5/5
   334 | D        | Killed a hellion
   342 | D        | Found a glowing silver altar of Zin.
   342 | D        | Found a glowing golden altar of the Shining One.
   342 | D        | Found a white marble altar of Elyvilon.
   343 | D        | Noticed a deep elf mage
   347 | D        | Killed a deep elf mage
   347 | D        | Reached skill level 9 in Unarmed Combat
   347 | D        | Reached XP level 7. HP: 72/80 MP: 4/6
   380 | D        | Found a hide-covered altar of Uskayaw.
   380 | D        | Found a roughly hewn altar of Beogh.
   380 | D        | Found an iron altar of Okawaru.
   380 | D        | Found a bloodstained altar of Trog.
   380 | D        | Found an ornate altar of the Wu Jian Council.
   380 | D        | Noticed a human
   380 | D        | Noticed a human
   402 | D        | Killed a human
   402 | D        | Reached *** piety under Yredelemnul
   402 | D        | Reached skill level 10 in Unarmed Combat
   418 | D        | Killed a human
   418 | D        | Received a gift from Yredelemnul (a wight)
   561 | D        | Noticed a shadow
   574 | D        | Killed a shadow
   574 | D        | Reached skill level 1 in Invocations
   574 | D        | Reached XP level 8. HP: 86/92 MP: 6/9
   576 | D        | Received a gift from Yredelemnul (a wight)
   587 | D        | Found a blossoming altar of Fedhas.
   587 | D        | Found a stormy altar of Qazlal.
   587 | D        | Found a snail-covered altar of Cheibriados.
   587 | D        | Found a burning altar of Makhleb.
   587 | D        | Found a shimmering altar of Xom.
   588 | D        | Found a hazy altar of Hepliaklqana.
   588 | D        | Found an opulent altar of Gozag.
   588 | D        | Found a sparkling altar of Nemelex Xobeh.
   588 | D        | Found a corrupted altar of Lugonu.
   588 | D        | Found a viscous altar of Jiyva.
   679 | D        | Reached **** piety under Yredelemnul
   682 | D        | Reached skill level 11 in Unarmed Combat
   682 | D        | Received a gift from Yredelemnul (2 flying skulls)
   786 | D        | Noticed a two-headed ogre
   795 | D        | Killed a two-headed ogre
   856 | D        | Noticed Erolcha
   857 | D        | Noticed a two-headed ogre
   881 | D        | Killed Erolcha
   881 | D        | Reached skill level 10 in Fighting
   881 | D        | Reached skill level 10 in Dodging
   881 | D        | Reached skill level 5 in Invocations
   881 | D        | Reached XP level 9. HP: 82/101 MP: 11/13
   882 | D        | Killed a two-headed ogre
   915 | D        | Reached ***** piety under Yredelemnul
   915 | D        | Reached skill level 12 in Unarmed Combat
   915 | D        | Received a gift from Yredelemnul (a wraith)
   944 | D        | Received a gift from Yredelemnul (2 flying skulls)
   956 | D        | Received a gift from Yredelemnul (3 flying skulls)
   976 | D        | Reached ****** piety under Yredelemnul
   977 | D        | Received a gift from Yredelemnul (a wraith)
   995 | D        | Received a gift from Yredelemnul (2 flying skulls)
   999 | D        | Received a gift from Yredelemnul (a wraith)
  1010 | D        | Received a gift from Yredelemnul (a skeletal warrior)
  1022 | D        | Received a gift from Yredelemnul (a phantasmal warrior)
  1027 | D        | Received a gift from Yredelemnul (a phantasmal warrior)
  1027 | D        | Received a gift from Yredelemnul (a flayed ghost)
  1042 | D        | Noticed a queen bee
  1045 | D        | Received a gift from Yredelemnul (a wraith)
  1048 | D        | Killed a queen bee
  1056 | D        | Received a gift from Yredelemnul (a vampire knight)
  1183 | D        | Noticed Harold
  1183 | D        | Noticed Joseph
  1191 | D        | Killed Harold
  1191 | D        | Reached skill level 13 in Unarmed Combat
  1191 | D        | Reached XP level 10. HP: 114/114 MP: 14/16
  1196 | D        | Killed Joseph
  1196 | D        | Received a gift from Yredelemnul (a skeletal warrior)
  1222 | D        | Received a gift from Yredelemnul (a phantasmal warrior)
  1222 | D        | Received a gift from Yredelemnul (a flayed ghost)
  1231 | D        | Noticed a spiny frog
  1231 | D        | Noticed a spiny frog
  1243 | D        | Killed a spiny frog
  1262 | D        | Killed a spiny frog
  1263 | D        | Received a gift from Yredelemnul (a skeletal warrior)
  1319 | D        | Received a gift from Yredelemnul (a flayed ghost)
  1362 | D        | Noticed a lindwurm
  1369 | D        | Killed a lindwurm
  1369 | D        | Reached skill level 14 in Unarmed Combat
  1372 | D        | Received a gift from Yredelemnul (a ghoul)
  1458 | D        | Noticed Urug
  1467 | D        | Killed Urug
  1467 | D        | Reached XP level 11. HP: 123/123 MP: 17/19
  1509 | D        | Received a gift from Yredelemnul (a skeletal warrior)
  1524 | D        | Noticed Rupert
  1528 | D        | Noticed an azure jelly
  1528 | D        | Noticed an azure jelly
  1528 | D        | Noticed an azure jelly
  1528 | D        | Noticed an azure jelly
  1536 | D        | Killed Rupert
  1543 | D        | Noticed a dire elephant
  1543 | D        | Noticed a dire elephant
  1543 | D        | Noticed Gastronok
  1563 | D        | Killed a dire elephant
  1563 | D        | Reached skill level 15 in Unarmed Combat
  1571 | D        | Killed a dire elephant
  1572 | D        | Received a gift from Yredelemnul (a vampire knight)
  1587 | D        | Received a gift from Yredelemnul (a phantasmal warrior)
  1590 | D        | Killed Gastronok
  1705 | D        | Noticed a death yak
  1707 | D        | Noticed a death yak
  1712 | D        | Noticed a death yak
  1728 | D        | Killed a death yak
  1728 | D        | Received a gift from Yredelemnul (a vampire knight)
  1729 | D        | Noticed a death yak
  1733 | D        | Killed a death yak
  1744 | D        | Killed a death yak
  1745 | D        | Received a gift from Yredelemnul (a phantasmal warrior)
  1748 | D        | Killed a death yak
  1757 | D        | Received a gift from Yredelemnul (a vampire)
  1777 | D        | Reached skill level 16 in Unarmed Combat
  1911 | D        | Noticed a six-headed hydra
  1911 | D        | Noticed an eight-headed hydra
  1915 | D        | Received a gift from Yredelemnul (a flayed ghost)
  1920 | D        | Killed a six-headed hydra
  1922 | D        | Killed an eight-headed hydra
  1923 | D        | Received a gift from Yredelemnul (a skeletal warrior)
  1930 | D        | Noticed a death drake
  1941 | D        | Killed a death drake
  1947 | D        | Noticed an ice dragon
  1955 | D        | Killed an ice dragon
  1955 | D        | Reached XP level 12. HP: 139/139 MP: 18/20
  1961 | D        | Noticed an ice dragon
  1974 | D        | Noticed an ice dragon
  1976 | D        | Found Jimoulox's Book Emporium.
  1976 | D        | Found Eheniudd's Antique Armour Shop.
  1982 | D        | Killed an ice dragon
  1985 | D        | Killed an ice dragon
  1991 | D        | Received a gift from Yredelemnul (a profane servitor)
  1993 | D        | Found Unkiloof's Magic Scroll Shoppe.
  2089 | D        | Noticed a five-headed hydra
  2106 | D        | Killed a five-headed hydra
  2108 | D        | Received a gift from Yredelemnul (a skeletal warrior)
  2114 | D        | Got a decaying rune of Zot
  2130 | D        | Bought a scroll of magic mapping for 35 gold pieces
  2267 | D        | Noticed a kraken
  2281 | D        | Killed a kraken
  2294 | D        | Noticed an alligator snapping turtle
  2306 | D        | Received a gift from Yredelemnul (a skeletal warrior)
  2310 | D        | Received a gift from Yredelemnul (a skeletal warrior)
  2310 | D        | Killed an alligator snapping turtle
  2310 | D        | Noticed an alligator snapping turtle
  2318 | D        | Killed an alligator snapping turtle
  2319 | D        | Received a gift from Yredelemnul (a skeletal warrior)
  2319 | D        | Received a gift from Yredelemnul (a flayed ghost)
  2324 | D        | Found Acupan's Antique Armour Shop.
  2324 | D        | Found Qyugrur's Book Boutique.
  2324 | D        | Found Ajul's Magic Scroll Shoppe.
  2332 | D        | Got a barnacled rune of Zot
  2434 | D        | Found Okychy's Distillery.
  2442 | D        | Reached skill level 17 in Unarmed Combat
  2444 | D        | Noticed an orc high priest
  2445 | D        | Received a gift from Yredelemnul (a profane servitor)
  2445 | D        | Killed an orc high priest
  2465 | D        | Received a gift from Yredelemnul (a skeletal warrior)
  2496 | D        | Bought a potion of heal wounds for 55 gold pieces
  2496 | D        | Bought a potion of heal wounds for 55 gold pieces
  2496 | D        | Bought a potion of curing for 33 gold pieces
  2509 | D        | Reached skill level 15 in Dodging
  2514 | D        | Reached skill level 15 in Fighting
  2514 | D        | Received a gift from Yredelemnul (a skeletal warrior)
  2523 | D        | Noticed a deep elf demonologist
  2525 | D        | Noticed a reaper
  2530 | D        | Received a gift from Yredelemnul (a vampire)
  2594 | D        | Noticed a deep elf death mage
  2600 | D        | Identified the ring "Pofastug" {Int+3 Dex+5}
  2600 | D        | Noticed a deep elf blademaster
  2601 | D        | Noticed a deep elf demonologist
  2602 | D        | Noticed a deep elf annihilator
  2602 | D        | Noticed a deep elf high priest
  2604 | D        | Noticed a cacodemon
  2607 | D        | Killed a deep elf annihilator
  2612 | D        | Killed a deep elf blademaster
  2615 | D        | Killed a deep elf death mage
  2618 | D        | Killed a ghostly deep elf annihilator
  2619 | D        | Received a gift from Yredelemnul (a profane servitor)
  2619 | D        | Received a gift from Yredelemnul (a vampire)
  2619 | D        | Killed a deep elf demonologist
  2622 | D        | Killed a deep elf high priest
  2622 | D        | Reached skill level 18 in Unarmed Combat
  2623 | D        | Killed a deep elf demonologist
  2624 | D        | Received a gift from Yredelemnul (a skeletal warrior)
  2624 | D        | Killed a deep elf annihilator
  2651 | D        | Got a clouded glass ring
  2716 | D        | Identified the ring of Erphosel {Wiz rC- MR- Str+8} (You
                  | found it in the Dungeon)
  2818 | D        | Received a gift from Yredelemnul (a ghoul)
  2935 | D        | Reached XP level 13. HP: 68/152 MP: 21/21
  3040 | D        | Found Meapn's Weapon Shop.
  3040 | D        | Found Utiamaho's Antique Armour Shoppe.
  3040 | D        | Found Makuipha's Antique Weapon Emporium.
  3040 | D        | Found Boumya's Distillery.
  3040 | D        | Found Qerhifye's Food Emporium.
  3040 | D        | Found Goxzutug's Jewellery Shop.
  3040 | D        | Found Ugudus's General Store.
  3040 | D        | Found Josi's Gadget Shoppe.
  3040 | D        | Found Xen Sonu's Gadget Emporium.
  3040 | D        | Found Ratiustru's Jewellery Shop.
  3040 | D        | Found Waploce's Book Boutique.
  3040 | D        | Found Eshuwath's Magic Scroll Emporium.
  3055 | D        | Bought a scroll of identify for 24 gold pieces
  3055 | D        | Bought a scroll of identify for 24 gold pieces
  3066 | D        | Bought the ring of Etimim {rN+ Str+5 Dex+4} for 487 gold
                  | pieces
  3066 | D        | Bought a cursed +3 amulet of reflection for 127 gold pieces
  3083 | D        | Bought a potion of curing for 39 gold pieces
  3105 | D        | Received a gift from Yredelemnul (a skeletal warrior)
  3105 | D        | Received a gift from Yredelemnul (a ghoul)
  3105 | D        | Received a gift from Yredelemnul (a vampire knight)
  3112 | D        | Received a gift from Yredelemnul (a ghoul)
  3267 | D        | Received a gift from Yredelemnul (a flayed ghost)
  3274 | D        | Received a gift from Yredelemnul (a phantasmal warrior)
  3282 | D        | Noticed a fire dragon
  3287 | D        | Killed a fire dragon
  3302 | D        | Received a gift from Yredelemnul (a flayed ghost)
  3304 | D        | Reached skill level 19 in Unarmed Combat
  3305 | D        | Received a gift from Yredelemnul (a skeletal warrior)
  3473 | D        | Noticed an emperor scorpion
  3473 | D        | a tyrant leech changed into an emperor scorpion
  3477 | D        | Noticed an azure jelly
  3477 | D        | an emperor scorpion changed into an azure jelly
  3478 | D        | Noticed a sphinx
  3478 | D        | an azure jelly changed into a sphinx
  3482 | D        | Noticed a dire elephant
  3482 | D        | a sphinx changed into a dire elephant
  3484 | D        | a dire elephant changed into a death yak
  3485 | D        | Received a gift from Yredelemnul (a vampire knight)
  3502 | D        | Noticed Chuck
  3507 | D        | Received a gift from Yredelemnul (a skeletal warrior)
  3511 | D        | Received a gift from Yredelemnul (a flayed ghost)
  3516 | D        | Killed Chuck
  3517 | D        | Received a gift from Yredelemnul (a ghoul)
  3531 | D        | Got a coiled amber ring
  3538 | D        | Identified the ring of Ru's Esteem {rPois MP+9 Str-3 Int+3}
                  | (You found it in the Dungeon)
  3598 | D        | Noticed Sojobo
  3619 | D        | Killed Sojobo
  3729 | D        | Noticed a lich
  3740 | D        | Killed a lich
  3783 | D        | Noticed a shadow dragon
  3783 | D        | Noticed a shadow dragon
  3790 | D        | Received a gift from Yredelemnul (a ghoul)
  3796 | D        | Killed a shadow dragon
  3796 | D        | Reached skill level 20 in Unarmed Combat
  3799 | D        | Killed a shadow dragon
  3896 | D        | Received a gift from Yredelemnul (a skeletal warrior)
  3907 | D        | Noticed a shadow dragon
  3907 | D        | Noticed a golden dragon
  3907 | D        | Noticed a frost giant
  3907 | D        | Noticed a titan
  3907 | D        | Noticed a fire giant
  3907 | D        | Noticed a golden dragon
  3907 | D        | Noticed a fire giant
  3915 | D        | Received a gift from Yredelemnul (a flayed ghost)
  3934 | D        | Killed a frost giant
  3953 | D        | Killed a titan
  3976 | D        | Killed a fire giant
  3976 | D        | Reached XP level 14. HP: 99/167 MP: 22/22
  3976 | D        | Received a gift from Yredelemnul (a flayed ghost)
  3976 | D        | Received a gift from Yredelemnul (a ghoul)
  3990 | D        | Killed a shadow dragon
  4002 | D        | Noticed a stone giant
  4006 | D        | Received a gift from Yredelemnul (a profane servitor)
  4014 | D        | Killed a stone giant
  4016 | D        | Received a gift from Yredelemnul (a vampire knight)
  4024 | D        | Reached skill level 1 in Armour
  4026 | D        | Killed a golden dragon
  4026 | D        | Reached skill level 21 in Unarmed Combat
  4032 | D        | Killed a golden dragon
  4033 | D        | Received a gift from Yredelemnul (a flayed ghost)
  4046 | D        | Identified the +6 long sword of Untimely Demise {chaos,
                  | +Rage Int+4} (You took it off a skeletal warrior in the
                  | Dungeon)
  4048 | D        | Identified the amulet "Qamironk" {Harm *Drain rC+ MR+
                  | Slay+3}
  4057 | D        | Received a gift from Yredelemnul (a bone dragon)
  4057 | D        | Received a gift from Yredelemnul (a vampire knight)
  4067 | D        | Killed a fire giant
  4087 | D        | Got a silver rune of Zot
  4091 | D        | Identified the Collected Works on Mutagenic Conjuration
  4255 | D        | Bought a potion of mutation for 88 gold pieces
  4255 | D        | Lost mutation: Armour fits poorly on your strangely shaped
                  | body. [potion of mutation]
  4255 | D        | Lost mutation: Your spells are a little harder to cast, but
                  | a little more powerful. [potion of mutation]
  4255 | D        | Lost mutation: You have an increased reservoir of magic.
                  | (+10% MP) [potion of mutation]
  4255 | D        | Gained mutation: You are partially covered in icy blue
                  | scales. (AC +2) [potion of mutation]
  4255 | D        | Gained mutation: You have large cloven feet. [potion of
                  | mutation]
  4375 | D        | Reached skill level 1 in Throwing
  4375 | D        | Reached skill level 1 in Shields
  4375 | D        | Received a gift from Yredelemnul (a vampire knight)
  4396 | D        | Noticed Azrael
  4401 | D        | Killed Azrael
  4401 | D        | Reached skill level 5 in Armour
  4511 | D        | Got an ichor-stained large shield
  4522 | D        | Identified the +6 large shield of the Countless Deaths
                  | {rElec MR+} (You acquired it in the Dungeon)
  4595 | D        | Killed a vampire knight
  4673 | D        | Received a gift from Yredelemnul (a skeletal warrior)
  4673 | D        | Received a gift from Yredelemnul (a vampire knight)
  4673 | D        | Received a gift from Yredelemnul (a skeletal warrior)
  4721 | D        | Received a gift from Yredelemnul (a vampire)
  4722 | D        | Found Ziptaer's Food Shop.
  4723 | D        | Found Yrijig's Gadget Shoppe.
  4723 | D        | Found Xeadd's Gadget Shop.
  4723 | D        | Found Retzeunoawn's Armour Emporium.
  4729 | D        | Received a gift from Yredelemnul (a flayed ghost)
  4782 | D        | Received a gift from Yredelemnul (a flayed ghost)
  4826 | D        | Noticed Boris
  4834 | D        | Killed Boris
  4834 | D        | Reached skill level 5 in Throwing
  4846 | D        | Received a gift from Yredelemnul (a phantasmal warrior)
  4846 | D        | Received a gift from Yredelemnul (a ghoul)
  4846 | D        | Reached skill level 5 in Shields
  4929 | D        | Found Zutiowk's Gadget Boutique.
  4935 | D        | Received a gift from Yredelemnul (a vampire)
  4944 | D        | Received a gift from Yredelemnul (a phantasmal warrior)
  4960 | D        | Noticed Nikola
  4960 | D        | Noticed a storm dragon
  4976 | D        | Killed a storm dragon
  4976 | D        | Reached skill level 22 in Unarmed Combat
  4976 | D        | Received a gift from Yredelemnul (a vampire knight)
  4976 | D        | Received a gift from Yredelemnul (a ghoul)
  4983 | D        | Killed Nikola
  5001 | D        | Noticed a vampire knight
  5001 | D        | Noticed Mara
  5001 | D        | Noticed a vampire knight
  5016 | D        | Received a gift from Yredelemnul (a flayed ghost)
  5016 | D        | Received a gift from Yredelemnul (a phantasmal warrior)
  5023 | D        | Killed a vampire knight
  5031 | D        | Killed Mara
  5031 | D        | Enslaved Mara
  5036 | D        | Killed a vampire knight
  5036 | D        | Reached XP level 15. HP: 91/180 MP: 13/21
  5231 | D        | Identified Roxanne's Almanac of Transmutation
  5231 | D        | Noticed Roxanne
  5240 | D        | Killed Roxanne
  5280 | D        | Noticed Mennas
  5289 | D        | Killed Mennas
  5289 | D        | Received a gift from Yredelemnul (a ghoul)
  5289 | D        | Received a gift from Yredelemnul (a phantasmal warrior)
  5289 | D        | Received a gift from Yredelemnul (a vampire knight)
  5295 | D        | Received a gift from Yredelemnul (a vampire)
  5301 | D        | Received a gift from Yredelemnul (a ghoul)
  5328 | D        | Received a gift from Yredelemnul (a phantasmal warrior)
  5482 | D        | Killed an azure jelly
  5490 | D        | Killed an azure jelly
  5490 | D        | Received a gift from Yredelemnul (a phantasmal warrior)
  5492 | D        | Killed an azure jelly
  5494 | D        | Killed an azure jelly
  5494 | D        | Received a gift from Yredelemnul (a skeletal warrior)
  5625 | D        | Noticed an acid blob
  5631 | D        | Paralysed by a floating eye for 3 turns
  5635 | D        | Killed an acid blob
  5636 | D        | Paralysed by a floating eye for 3 turns
  5643 | D        | Paralysed by a floating eye for 4 turns
  5651 | D        | Received a gift from Yredelemnul (a bone dragon)
  5654 | D        | Noticed an acid blob
  5655 | D        | Found a viscous altar of Jiyva.
  5655 | D        | Noticed the Royal Jelly
  5661 | D        | Noticed an acid blob
  5661 | D        | Killed an acid blob
  5661 | D        | Reached skill level 10 in Armour
  5666 | D        | Noticed an acid blob
  5666 | D        | Noticed an acid blob
  5667 | D        | Noticed an acid blob
  5668 | D        | Noticed an azure jelly
  5668 | D        | Killed an acid blob
  5671 | D        | Noticed an azure jelly
  5671 | D        | Noticed an azure jelly
  5671 | D        | Noticed an azure jelly
  5671 | D        | Noticed an azure jelly
  5673 | D        | Noticed an acid blob
  5674 | D        | Noticed an azure jelly
  5675 | D        | Noticed an azure jelly
  5676 | D        | Killed an azure jelly
  5678 | D        | Killed an azure jelly
  5679 | D        | Killed the Royal Jelly
  5679 | D        | Reached skill level 10 in Throwing
  5679 | D        | Reached skill level 23 in Unarmed Combat
  5679 | D        | Noticed an acid blob
  5679 | D        | Received a gift from Yredelemnul (a ghoul)
  5680 | D        | Killed an acid blob
  5681 | D        | Killed an acid blob
  5682 | D        | Killed an azure jelly
  5688 | D        | Killed an acid blob
  5689 | D        | Killed an acid blob
  5690 | D        | Killed an azure jelly
  5693 | D        | Your ally Mara died
  5695 | D        | Killed an acid blob
  5696 | D        | Killed an azure jelly
  5697 | D        | Killed an azure jelly
  5700 | D        | Killed an azure jelly
  5718 | D        | Splashed with acid

Skill      XL: |  1  2  3  4  5  6  7  8  9 10 11 12 13 14 15 |
---------------+----------------------------------------------+-----
Fighting       | 3 4 5 6 8 9 10 11 12 14 15 17 19 20 | 20.1
Dodging        | 3 4 5 6 8 9 10 11 12 14 15 17 18 | 18.5
Unarmed Combat | 4 5 6 7 9 10 11 13 14 16 18 20 22 23 | 23.1
Invocations    | 1 5 8 9 |  9.7
Armour         | 7 10 | 10.6
Throwing       | 6 10 | 10.4
Shields        | 6 9 |  9.6
Stealth        | |  1.0

Action                   |  1- 3 |  4- 6 |  7- 9 | 10-12 | 13-15 || total
-------------------------+-------+-------+-------+-------+-------++-------
Melee: Unarmed           |    22 |    18 |    90 |   138 |   211 ||   479
       Punch             |       |       |     7 |     9 |     4 ||    20
       Kick              |       |       |       |       |    73 ||    73
Invok: Animate Remains   |       |     1 |     1 |       |       ||     2
       Animate Dead      |       |       |     2 |     3 |     2 ||     7
       Recall Undead Sla |       |       |       |       |     4 ||     4
       Enslave Soul      |       |       |       |       |     1 ||     1
       Stop Recall       |       |       |       |       |     1 ||     1
 Abil: Evoke Flight      |       |       |       |       |     8 ||     8
Evoke: Wand              |       |       |       |       |     2 ||     2
  Use: Potion            |     3 |     5 |     2 |     3 |     3 ||    16
       Scroll            |     2 |       |       |     4 |     9 ||    15
 Stab: Sleeping          |       |     1 |     1 |     1 |     2 ||     5
       Distracted        |       |       |       |       |     9 ||     9
  Eat: Chunk             |     3 |     4 |     4 |       |     5 ||    16
       Ration            |       |       |       |     5 |     7 ||    12
Armor: Robe              |     3 |     4 |    13 |     8 |     1 ||    29
       Gold dragon scale |       |       |       |       |    59 ||    59
Dodge: Dodged            |     4 |     5 |    57 |   115 |   108 ||   289
Block: Other             |       |       |       |       |     3 ||     3
       Large shield      |       |       |       |       |   134 ||   134
       Reflection        |       |       |       |       |    28 ||    28
       Shield            |       |       |       |       |     7 ||     7
